 Dungeon Crawl Stone Soup version 0.30-a0-986-g7f2e898f52 (webtiles) character file.

Game seed: 10600423688175513472

57 mopl the Shooter (level 4, -1/28 HPs)
             Began as an Octopode Hexslinger on Apr 1, 2023.
             Slain by a hobgoblin (4 damage)
             ... on level 3 of the Dungeon.
             The game lasted 00:01:44 (1835 turns).

mopl the Shooter (Octopode Hexslinger)              Turns: 1835, Time: 00:01:45

Health: -1/28      AC:  1    Str:  9    XL:     4   Next: 0%
Magic:  3/5        EV: 13    Int: 15    God:
Gold:   104        SH:  0    Dex: 14    Spells: 4/5 levels left

rFire   . . .      SeeInvis .    a - +1 sling
rCold   . . .      Faith    .    (no shield)
rNeg    . . .      Spirit   .    (helmet restricted)
rPois   .          Reflect  .    (no amulet)
rElec   .          Rampage  .    (no ring)
rCorr   .                        (no ring)
Will    .....                    (no ring)
Stlth   ++                       (no ring)
HPRegen 0.24/turn                (no ring)
MPRegen 0.09/turn                (no ring)
                                 (no ring)
                                 (no ring)

@: no status effects
A: almost no armour, amphibious, 8 rings, camouflage 1, gelatinous body 1,
(nimble swimmer 1), tentacles
a: no special abilities


You were on level 3 of the Dungeon.
You visited 1 branch of the dungeon, and saw 3 of its levels.

You collected 104 gold pieces.

Inventory:

Hand Weapons
 a - a +1 sling (weapon)
Missiles
 e - 5 poisoned darts
Scrolls
 b - 2 scrolls of poison
 c - a scroll of enchant weapon {unknown}
 f - a scroll of magic mapping {unknown}
 g - 2 scrolls of identify {unknown}
 j - 2 scrolls of amnesia {unknown}
 l - 3 scrolls of immolation {unknown}
Potions
 d - 3 potions of curing {unknown}
 h - a potion of flight {unknown}
 i - 2 potions of magic {unknown}
 k - a potion of heal wounds {unknown}
 m - a potion of might {unknown}
 n - a potion of haste {unknown}


   Skills:
 - Level 1.0 Fighting
 + Level 4.1 Ranged Weapons
 - Level 2.0 Dodging
 - Level 1.0 Spellcasting
 - Level 3.0 Hexes


You had 4 spell levels left.
You knew the following spells:

 Your Spells              Type           Power      Damage    Failure   Level
a - Slow                  Hex            36%        N/A       7%          1

Your spell library contained the following spells:

 Spells                   Type           Power      Damage    Failure   Level
 Inner Flame              Hex/Fire       5%         N/A       36%         3
 Portal Projectile        Hex/Tloc       10%        N/A       36%         3
 Cause Fear               Hex            4%         N/A       56%         4
 Ozocubu's Armour         Ice            0%         N/A       58%         3
 Metabolic Englaciation   Hex/Ice        2%         N/A       98%         5
 Simulacrum               Ice/Necr       0%         N/A       100%        6


Dungeon Overview and Level Annotations

Branches:
Dungeon (3/15)

Altars:

Shops:
D:2 =


Innate Abilities, Weirdness & Mutations

You cannot wear most types of armour.
You are amphibious.
You can wear up to eight rings at the same time.
Your skin changes colour to match your surroundings (Stealth+).
Your rubbery body absorbs attacks. (AC +1, EV +1)
((You are camouflaged when in or above water. (Stealth+)))
You have tentacles for arms and can constrict up to eight enemies at once.


Message History

The orc is heavily wounded.
The orc hits you with a +0 flail!
Unknown command.
The goblin enters a dispersal trap!
The hobgoblin blinks!
The orc blinks!
The hobgoblin blinks!
The orc blinks!
You see here 7 gold pieces.
The orc misses you.
The orc throws a stone.
The stone closely misses you.
You shoot a sling bullet. The sling bullet barely misses the orc.
The orc hits you with a +4 whip.
You shoot a sling bullet. The sling bullet hits the orc.
The orc is severely wounded.
The orc hits you with a +4 whip! The hobgoblin hits you.
* * * LOW HITPOINT WARNING * * *
The orc hits you with a +4 whip.
* * * LOW HITPOINT WARNING * * *
The hobgoblin barely misses you.
Aiming: Slow (safe; 7% risk of failure)
Press: ? - help, Q - select action, (/) - cycle Shift-Dir - straight line, f/p - orc
Aim: an orc, wielding a +4 whip and wearing a +0 ring mail (severely wounded, chance to affect: 61%)
The orc seems to slow down.
The hobgoblin closely misses you.
Aiming: Slow (safe; 7% risk of failure)
Press: ? - help, Q - select action, (/) - cycle Shift-Dir - straight line, f/p - orc
Aim: an orc, wielding a +4 whip and wearing a +0 ring mail (severely wounded, slow, chance to affect: 61%)
The orc seems to slow down.
The orc barely misses you. The hobgoblin barely misses you.
You are too injured to fight recklessly!
Fire: a) +1 sling
Press: ? - help, Q - select action, (/) - cycle Shift-Dir - straight line, f/p - orc
Aim: an orc, wielding a +4 whip and wearing a +0 ring mail (severely wounded, slow, 63% to hit)
You shoot a sling bullet.
The sling bullet hits the orc but does no damage.
The orc is severely wounded.
The orc closely misses you. The hobgoblin barely misses you.
Fire: a) +1 sling
Press: ? - help, Q - select action, (/) - cycle Shift-Dir - straight line, f/p - orc
Aim: an orc, wielding a +4 whip and wearing a +0 ring mail (severely wounded, slow, 63% to hit)
You shoot a sling bullet. The sling bullet barely misses the orc.
The hobgoblin hits you.
You die...

.........§§.## # ## #
.......##.#..#.# #g# .#
......##..##..###.o#..#
.....###..##.^.(.$.g..#
.....###..###......#..#
##....##..#.#§go§#.#..#
#........##.##o8# #..#
##....###.#.#.gg## #..#
##....##..#.###o@# #..#
.#######..##.##.## #..#
...#####..###8######.##
##....##...).........#
####.##.........##.##
#...........###.#
#####....[.## #.#
#.###### #.# #
#.....#####.####


You could see 3 orcs, 2 hobgoblins and a goblin.

Vanquished Creatures
  2 adders (D:3)
  4 bats
  4 endoplasms
  3 giant cockroaches
  7 goblins
  3 hobgoblins (D:1)
  3 kobolds
  3 ball pythons
  2 frilled lizards
  5 rats
36 creatures vanquished.

Vanquished Creatures (others)
  7 toadstools (D:3)
7 creatures vanquished.

Grand Total: 43 creatures vanquished

Notes
Turn   | Place    | Note
-------+----------+-------------------------------------------
     0 | D:1      | mopl the Octopode Hexslinger began the quest for the Orb.
     0 | D:1      | Reached XP level 1. HP: 13/13 MP: 2/2
    96 | D:1      | Reached XP level 2. HP: 14/18 MP: 3/3
   158 | D:1      | Found Veterel's Antique Weapon Shop.
   584 | D:1      | Reached skill level 3 in Ranged Weapons
   822 | D:2      | Found Syanueka's Jewellery Boutique.
   991 | D:2      | Reached XP level 3. HP: 23/23 MP: 4/4
  1640 | D:3      | Reached skill level 4 in Ranged Weapons
  1774 | D:3      | Reached XP level 4. HP: 28/28 MP: 5/5
  1835 | D:3      | Slain by a hobgoblin

Illustrated notes

Levels and vault maps discovered:
D:1:      dpeg_arrival_morbid_curiosity, layout_basic, serial_shops, shop
D:2:      layout_loops_corners, serial_shops, nicolae_square_shop
D:3:      cheibrodos_fertilizer, layout_rooms, minmay_hedge_maze,
          guppyfry_early_orc_mine, uniq_ijyb

Skill      XL: |  1  2  3 |
---------------+----------+-----
Ranged Weapons | 3 4 |  4.1
Fighting       | |  1.0
Dodging        | |  2.0
Spellcasting   | |  1.0
Hexes          | |  3.0

Action                     |  1- 3 |  4- 6 || total
---------------------------+-------+-------++-------
   Fire: Sling             |    91 |     8 ||    99
   Cast: Slow              |       |     2 ||     2
 Armour: Skin              |     4 |       ||     4
  Dodge: Dodged            |    39 |     8 ||    47

Table legend: (Time is in decaauts)
 A = Elapsed time spent in this place.
 B = Non-inter-level travel time spent in this place.
 C = Inter-level travel time spent in this place.
 D = Time resting spent in this place.
 E = Time spent auto-exploring this place.
 F = Levels seen in this place.
 G = Mean time per level.
                   A        B        C        D        E       F      G
               +--------+--------+--------+--------+--------+-----+--------+
         Total |   1857 |   1808 |     49 |      0 |   1607 |   3 |  619.0 |
       Dungeon |   1857 |   1808 |     49 |      0 |   1607 |   3 |  619.0 |
               +--------+--------+--------+--------+--------+-----+--------+

Top non-repeatable levels by time:
     D:2: 853 daAuts
     D:1: 748 daAuts
     D:3: 255 daAuts
